 Dungeon Crawl Stone Soup version 0.16-a0-1301-gf74d490 (webtiles) character file.

205 Ololoev the Chucker (level 5, 0/50 HPs)
             Began as an Ogre Hunter on Oct 15, 2014.
             Succumbed to a worker ant's poison
             ... on level 3 of the Dungeon.
             The game lasted 00:08:22 (4504 turns).

Ololoev the Chucker (Ogre Hunter)                   Turns: 4504, Time: 00:08:22

Health: 0/50       AC:  3    Str: 18    XL:     5   Next: 83%
Magic:  5/5        EV: 10    Int: 10    God:
Gold:   134        SH:  0    Dex: 10    Spells: 0 memorised, 4 levels left

rFire  . . .     SeeInvis +     n - -1 mace (curse)
rCold  + . .     Clarity  +     d - +0 animal skin
rNeg   . . .     SustAb   .     (shield restricted)
rPois  +         Gourm    .     (helmet restricted)
rElec  .         Spirit   .     (no cloak)
rCorr  .         Warding  .     (gloves unavailable)
rMut   .         Stasis   .     (boots unavailable)
MR     .....                    (no amulet)
Stlth  +.........               (no ring)
                                r - ring of protection from cold

@: lethally poisoned, not resistant to hostile enchantments, very unstealthy
A: unfitting armour, see invisible, clarity, poison resistance, tough skin 1
a: no special abilities


You were on level 3 of the Dungeon.
You were hungry.

You visited 1 branch of the dungeon, and saw 3 of its levels.

You collected 134 gold pieces.

Inventory:

Hand weapons
 n - a cursed -1 mace (weapon)
 p - a cursed -3 flail
Missiles
 b - 2 large rocks (quivered)
 c - a throwing net
Armour
 d - a +0 animal skin (worn)
Jewellery
 r - a ring of protection from cold (left hand)
 t - a +6 ring of protection {unknown}
Scrolls
 e - 10 scrolls of identify {unknown}
 h - a scroll of immolation {unknown}
 m - a scroll of blinking {unknown}
 o - a scroll of noise {unknown}
 s - a scroll of remove curse {unknown}
 v - a scroll of random uselessness {unknown}
Potions
 i - a potion of mutation
 j - a potion of confusion {unknown}
 k - a potion of lignification {unknown}
 q - a potion of heal wounds {unknown}
Comestibles
 a - 2 bread rations
 f - 3 meat rations
 g - a beef jerky
 l - 3 fruits
 u - 2 rotting chunks of hobgoblin flesh


   Skills:
 - Level 2.6 Fighting
 + Level 3.8 Maces & Flails
 * Level 6.7 Throwing
 - Level 1.7 Dodging
 - Level 0.7 Stealth


You had 4 spell levels left.
You didn't know any spells.

Dungeon Overview and Level Annotations

Branches:
Dungeon (3/15)

Altars:
Ashenzari
Cheibriados
Elyvilon
Gozag
Nemelex Xobeh
Vehumet


Innate Abilities, Weirdness & Mutations

You are too large for most types of armour.
You have tough skin (AC +1).
You have supernaturally acute eyesight.
You possess an exceptional clarity of mind.
Your system is resistant to poisons.


Message History

You throw a large rock. The large rock hits the giant frog!!
You kill the giant frog!
* * * LOW HITPOINT WARNING * * *
You feel sick.
Throwing (i - inventory. (,) - cycle):
b - 3 large rocks (quivered)
Press: ? - help, Shift-Dir - straight line, f - worker ant
Aim: a worker ant (lightly wounded)
You throw a large rock.
The large rock barely misses the worker ant.
* * * LOW HITPOINT WARNING * * *
You feel sick. The worker ant bites you.
* * * LOW HITPOINT WARNING * * *
You are more poisoned.
The worker ant poisons you!
Drink which item? (? for menu, Esc to quit)
You feel extremely strange.
Your vision sharpens.
You feel resistant to poisons.
Your thoughts seem clearer.
It was a potion of mutation.
You die...

######## #..>....#........#
.......# #.###(###............#
######.# #.......#...#........# #
#.# #...........#........# # #.#
#.###.#.###.#........# ## #.#
#.#.###.#......... .## #.#
#(...##.########## ..## #.#
#a#..##.####...### #..###.#
#@#..##.##...P.... ##.....#
#.###.......##.#...### .#.###.#
#......%.#####.####### ....##.#
######.#.# ##.......##
#....#.#########....###.........#
##....................'.........#
#....#.######.......###.........#
....##.# #.###.#.# ##.......##
.#..##.# #.#.....# ##.....###


You could see a worker ant.

Vanquished Creatures
  A giant frog (D:3)
  2 adders
  3 gnolls (D:2)
  2 giant mites
  2 worms (D:3)
  2 orcs (D:3)
  3 ball pythons (D:1)
  8 goblins
  13 hobgoblins
  2 quokkas (D:2)
  13 bats
  A giant gecko (D:3)
  5 giant newts
  A hobgoblin skeleton (D:3)
  4 jackals (D:1)
  5 kobolds
  4 rats
71 creatures vanquished.

Notes
Turn   | Place    | Note
--------------------------------------------------------------
     0 | D:1      | Ololoev, the Ogre Hunter, began the quest for the Orb.
     0 | D:1      | Reached XP level 1. HP: 22/22 MP: 1/1
   111 | D:1      | Reached skill level 1 in Maces & Flails
   416 | D:1      | Reached XP level 2. HP: 15/29 MP: 2/2
   865 | D:1      | Reached skill level 5 in Throwing
  1152 | D:1      | Reached XP level 3. HP: 36/36 MP: 3/3
  2140 | D:2      | Reached XP level 4. HP: 44/44 MP: 4/4
  2244 | D:2      | Found a radiant altar of Vehumet.
  2930 | D:3      | Found a sparkling altar of Nemelex Xobeh.
  3253 | D:3      | Reached skill level 6 in Throwing
  3485 | D:3      | Found an opulent altar of Gozag.
  3485 | D:3      | Found a snail-covered altar of Cheibriados.
  3485 | D:3      | Found a shattered altar of Ashenzari.
  3505 | D:3      | Reached XP level 5. HP: 14/50 MP: 5/5
  4156 | D:3      | Found a white marble altar of Elyvilon.
  4503 | D:3      | HP: 1/50 [worker ant (4)]
  4504 | D:3      | Gained mutation: You have supernaturally acute eyesight. [potion of mutation]
  4504 | D:3      | Gained mutation: Your system is resistant to poisons. [potion of mutation]
  4504 | D:3      | Gained mutation: You possess an exceptional clarity of mind. [potion of mutation]
  4504 | D:3      | Succumbed to a worker ant's poison

Action                   |  1- 3 |  4- 6 || total
-------------------------+-------+-------++-------
Melee: Club              |    87 |       ||    87
       Mace              |    25 |   164 ||   189
Throw: Large rock        |     8 |     9 ||    17
       Throwing net      |     2 |       ||     2
  Use: Potion            |       |     1 ||     1
 Stab: Held in net/web   |     1 |       ||     1
  Eat: Chunk             |     4 |     7 ||    11
